 Dungeon Crawl Stone Soup version 0.19.0-24-gb05acd6 (webtiles) character file.

4172 Melicamp the Covert (level 10, -14/63 HPs)
             Began as a Felid Enchanter on Nov 22, 2016.
             Was a Priest of Ru.
             Killed from afar by a spriggan druid (30 damage)
             ... with a stone arrow
             ... on level 3 of the Swamp.
             The game lasted 01:40:23 (17609 turns).

Melicamp the Covert (Felid Enchanter)              Turns: 17609, Time: 01:40:24

Health: -14/63     AC: 25    Str:  7    XL:     10   Next: 7%
Magic:  14/26      EV:  4    Int: 16    God:    Ru [***...]
Gold:   378        SH:  0    Dex: 25    Spells: 3 memorised, 11 levels left
                                        Lives:  0   Deaths: 2

rFire  . . .     SeeInvis +       - Unarmed
rCold  . . .     Gourm    .     (armour unavailable)
rNeg   + + +     Faith    .     (shield unavailable)
rPois  +         Spirit   .     (helmet unavailable)
rElec  .         Reflect  .     (cloak unavailable)
rCorr  .         Harm     .     (gloves unavailable)
MR     ++...     NoTele   +     (boots unavailable)
Stlth  +++++++...               (no amulet)
                                o - ring "Ufasuumm" {MP+9 Str-2 Dex+6 Stlth+}
                                g - +3 ring of evasion

@: mighty, tree-form, slowed, very slow
A: no armour, no weapons or thrown items, stealth, (claws 0), (fangs 0), see
invisible, carnivore 3, clumsy 1, (speed 0), frail 1, magic resistance 1,
mutation resistance 1, (shaggy fur 0), slow metabolism 1, no air magic, no
conjurations magic, no necromancy magic, inexperienced 1, (sharp paws)
a: Sacrifice Words, Sacrifice Love, Sacrifice an Eye, Reject Sacrifices, Draw
Out Power, Renounce Religion


You were on level 3 of the Swamp.
You worshipped Ru.
Ru was most pleased with you.
You were not hungry.
You were a tree.
You visited 3 branches of the dungeon, and saw 13 of its levels.

You collected 474 gold pieces.
You spent 96 gold pieces at shops.

Inventory:

Jewellery
 g - a +3 ring of evasion (left branch)
 o - the ring "Ufasuumm" (right branch) {MP+9 Str-2 Dex+6 Stlth+}
   (You acquired it on level 6 of the Dungeon)

   [ring of magical power]

   It affects your strength (-2).
   It affects your dexterity (+6).
   It affects your magic capacity (+9).
   It makes you more stealthy.
 z - an uncursed ring of wizardry
 D - an uncursed ring of magical power
Wands
 f - a wand of confusion (21/48)
 m - a wand of digging (11/24)
 q - a wand of slowing (13/48)
 t - a wand of teleportation (1/9)
 v - a wand of paralysis (4/24)
 w - a wand of slowing (6/48)
 y - a wand of flame (24/48)
Scrolls
 i - 4 scrolls of remove curse
 j - 2 scrolls of magic mapping
 l - a scroll of amnesia
Potions
 c - 2 potions of flight
 e - 4 potions of curing
 k - a potion of brilliance
 r - a potion of degeneration {unknown}
 s - 2 potions of beneficial mutation {unknown}
 x - a potion of cure mutation {unknown}
 A - 2 potions of magic
 C - a potion of invisibility
Books
 a - a book of Maledictions

   Spells                             Type                      Level
   a - Corona                         Hexes                        1
   b - Ensorcelled Hibernation        Hexes/Ice                    2
   c - Confuse                        Hexes                        3
   d - Tukima's Dance                 Hexes                        3
   e - Dazzling Spray                 Conjuration/Hexes            3
 B - a book of Maledictions

   Spells                             Type                      Level
   a - Corona                         Hexes                        1
   b - Ensorcelled Hibernation        Hexes/Ice                    2
   c - Confuse                        Hexes                        3
   d - Tukima's Dance                 Hexes                        3
   e - Dazzling Spray                 Conjuration/Hexes            3
Comestibles
 b - 3 meat rations
 d - 2 royal jellies
 n - 2 slices of pizza
 E - a beef jerky


   Skills:
 - Level 7.0 Fighting
 * Level 11.8 Dodging
 + Level 13.6 Stealth
 - Level 8.2 Unarmed Combat
 - Level 4.0 Spellcasting
 - Level 8.0 Hexes
 - Level 5.1 Evocations


You had 11 spell levels left.
You knew the following spells:

 Your Spells              Type           Power        Failure   Level  Hunger
a - Corona                Hex            ####...      1%          1    None
b - Ensorcelled Hibernat  Hex/Ice        ###...       6%          2    ##.....
c - Confuse               Hex            ####....     1%          3    ###....


Dungeon Overview and Level Annotations

Branches:
Dungeon (8/15)             Temple (0/1) D:6            Lair (2/6) D:8
  Swamp (3/4) Lair:2       Spider (0/4) Lair:2

Altars:
Cheibriados
Dithmenos
Elyvilon
Fedhas
Gozag
Makhleb
Nemelex Xobeh
Ru
Sif Muna
Trog
Vehumet
Xom
Yredelemnul
The Shining One

Shops:
D:7 :[(??

Annotations:
D:2 exclusions: gnoll and 1 more exclusion
D:4 1 exclusion, Natasha
Lair:1 2 exclusions, Gastronok
Lair:2 exclusions: hydra and player ghost, Philosophy's ghost, journeyman HOFi
Swamp:1 exclusion: hydra, Frances


Innate Abilities, Weirdness & Mutations

You cannot wear armour.
You are incapable of wielding weapons or throwing items.
Your paws allow you to move quietly. (Stealth)
((You have sharp claws.))
((You have razor-sharp teeth.))
You have supernaturally acute eyesight. (SInv)
You are carnivorous and can eat meat at any time.
((You cover ground quickly.))
You are frail. (-10% HP)
((You are covered in thick fur. (AC +2)))
You have a slow metabolism.
You cannot study or cast Air magic.
You cannot study or cast Conjurations magic.
You cannot study or cast Necromancy magic.
You are somewhat inexperienced. (-2 XL)
((Your sharp claws are effective at attacking unaware monsters.))
You are clumsy. (Dex -2)
You are resistant to hostile enchantments. (MR+)
You are somewhat resistant to further mutation.


Message History

You are too injured to fight recklessly!
You hit the spriggan.
The spriggan is moderately wounded.
The forest calms down.
The spriggan hits you but does no damage.
The spriggan druid hits you but does no damage.
You closely miss the spriggan.
The spriggan is moderately wounded.
The spriggan hits you but does no damage.
The spriggan druid completely misses you.
The spriggan hits you with a short sword.
* * * LOW HITPOINT WARNING * * *
You pummel the spriggan!!
You kill the spriggan!
The spriggan druid calls out to the beasts of the wild!
You pummel the spriggan druid!!
The spriggan druid is heavily wounded.
The spriggan druid gestures at you while chanting.
The stone arrow hits you!
You die...

♣♣.≈≈≈..≈≈.
...........♣
≈...≈≈≈≈≈.≈♣
≈≈≈≈≈≈≈≈≈≈.♣
≈≈≈≈≈≈≈≈≈..♣♣
≈≈≈≈≈≈..<...♣
≈≈≈≈≈.♣≈.≈♣♣♣
≈..≈...i..♣
♣♣♣.≈.♣)♣♣
♣≈..≈§♣
♣♣♣♣♣♣♣


You could see a spriggan druid.

Vanquished Creatures
  2 hydras
  The ghost of buskinjo the Insei, a novice OpTm (D:7)
  2 spiny frogs (Lair:1)
  A black mamba (Lair:2)
  3 komodo dragons
  A tyrant leech (Swamp:1)
  2 hornets
  7 blink frogs (Lair:2)
  2 hippogriffs (Lair:1)
  2 redbacks (Lair:2)
  2 shadows (Swamp:1)
  4 yaks (D:8)
  2 spriggans
  A wyvern (D:8)
  Grum (Lair:1)
  2 swamp worms
  2 water moccasins
  2 porcupines (Lair:1)
  3 orc warriors
  A phantom (D:5)
  A slave (D:4)
  3 sky beasts (D:7)
  5 ice beasts
  2 necrophages
  2 ogres (D:7)
  2 centaurs
  3 wolves (Lair:1)
  5 crocodiles
  2 big kobolds
  7 bullfrogs
  A water moccasin zombie (D:7)
  2 scorpions (D:6)
  7 howler monkeys
  2 crimson imps
  3 hounds
  A bullfrog zombie (D:6)
  A bullfrog skeleton (D:8)
  2 orc priests
  2 jellies
  2 centaur skeletons
  5 orc wizards
  3 iguanas
  6 worker ants
  2 hound skeletons
  A worker ant zombie (D:7)
  10 gnolls
  22 adders
  5 shadow imps
  An ooze (D:5)
  2 adder zombies
  An adder skeleton (D:6)
  4 worms
  3 dart slugs
  7 leopard geckos
  17 orcs
  A ball python (D:1)
  13 bats
  3 giant cockroaches
  8 goblins
  9 hobgoblins
  6 jackals (D:1)
  A quokka (D:7)
  8 frilled lizards
  12 kobolds
  2 leopard gecko skeletons
  13 rats
  A plant (Lair:1)
264 creatures vanquished.

Vanquished Creatures (others)
  4 bushes (Lair:2)
  7 fungi (Lair:2)
  36 plants (Lair:2)
47 creatures vanquished.

Grand Total: 311 creatures vanquished

Notes
Turn   | Place    | Note
-------+----------+-------------------------------------------
     0 | D:1      | Melicamp the Felid Enchanter began the quest for the Orb.
     0 | D:1      | Reached XP level 1. HP: 7/7 MP: 4/4
   739 | D:1      | Reached XP level 2. HP: 11/11 MP: 3/6
  1436 | D:1      | Reached XP level 3. HP: 6/15 MP: 5/7
  1656 | D:1      | Learned a level 2 spell: Ensorcelled Hibernation
  1660 | D:1      | Learned a level 3 spell: Confuse
  1780 | D:1      | Reached skill level 1 in Fighting
  2490 | D:2      | Found a blossoming altar of Fedhas.
  2557 | D:2      | Reached XP level 4. HP: 19/19 MP: 8/8
  2572 | D:2      | Found a white marble altar of Elyvilon.
  3437 | D:1      | Gained mutation: You are clumsy. (Dex -2) [potion of mutation]
  3437 | D:1      | Gained mutation: You are resistant to hostile enchantments. (MR+) [potion of mutation]
  3437 | D:1      | Gained mutation: You are somewhat resistant to further mutation. [potion of mutation]
  3878 | D:3      | Found a glowing golden altar of the Shining One.
  3935 | D:3      | Found a white marble altar of Elyvilon.
  4148 | D:3      | Found a sacrificial altar of Ru.
  4185 | D:3      | Became a worshipper of Ru the Awakened
  4258 | D:3      | Reached XP level 5. HP: 22/22 MP: 9/9
  4769 | D:3      | Found a sparkling altar of Nemelex Xobeh.
  4794 | D:3      | Found a basalt altar of Yredelemnul.
  5010 | D:4      | Noticed Natasha
  5047 | D:4      | Reached skill level 5 in Stealth
  5239 | D:4      | Noticed a slave
  5318 | D:4      | Killed a slave
  5470 | D:4      | Noticed an ogre
  5493 | D:5      | Entered Level 5 of the Dungeon
  5669 | D:5      | Reached skill level 5 in Unarmed Combat
  5861 | D:5      | Reached skill level 6 in Stealth
  5861 | D:5      | Gained mutation: You are covered in thick fur. (AC +2) [Felid growth]
  5861 | D:5      | Reached XP level 6. HP: 25/25 MP: 10/10
  6077 | D:5      | Gained mutation: You cannot study or cast Air magic. [Ru sacrifice]
  6077 | D:5      | Gained mutation: You cannot study or cast Necromancy magic. [Ru sacrifice]
  6077 | D:5      | Gained mutation: You cannot study or cast Conjurations magic. [Ru sacrifice]
  6077 | D:5      | Reached * piety under Ru
  6591 | D:5      | Found a burning altar of Makhleb.
  6971 | D:5      | Reached skill level 7 in Stealth
  6971 | D:5      | Reached skill level 5 in Hexes
  7539 | D:6      | Reached XP level 7. HP: 27/28 MP: 11/11
  7899 | D:6      | Reached skill level 8 in Stealth
  7906 | D:6      | Found a radiant altar of Vehumet.
  8049 | D:6      | Identified a scroll of acquirement
  8050 | D:6      | Got a scorched wooden ring
  8051 | D:6      | Identified the ring "Ufasuumm" {MP+9 Str-2 Dex+6 Stlth+} (You acquired it on level 6 of the Dungeon)
  8063 | D:6      | Found a shadowy altar of Dithmenos.
  8756 | D:6      | Found a shimmering altar of Xom.
  9120 | D:6      | Found a staircase to the Ecumenical Temple.
  9124 | D:6      | Reached XP level 8. HP: 24/34 MP: 13/13
  9850 | D:6      | Reached skill level 5 in Dodging
 10875 | D:7      | Found Tuxez's Magic Scroll Shop.
 10904 | D:7      | Noticed buskinjo's ghost (novice OpTm)
 10949 | D:7      | Killed buskinjo's ghost
 10949 | D:7      | Reached XP level 9. HP: 9/37 MP: 16/16
 11237 | D:7      | Reached skill level 1 in Evocations
 11369 | D:7      | Bought a scroll of identify for 30 gold pieces
 11603 | D:7      | Gained mutation: You are somewhat inexperienced. (-2 XL) [Ru sacrifice]
 11603 | D:7      | Reached XP level 8. HP: 34/34 MP: 24/24
 11603 | D:7      | Reached XP level 7. HP: 31/31 MP: 23/23
 11603 | D:7      | Reached ** piety under Ru
 11641 | D:7      | Found Ymurch's Magic Scroll Shop.
 11677 | D:7      | Bought a scroll of identify for 22 gold pieces
 11677 | D:7      | Bought a scroll of identify for 22 gold pieces
 11677 | D:7      | Bought a scroll of identify for 22 gold pieces
 11687 | D:7      | Found a bloodstained altar of Trog.
 11687 | D:7      | Found Houhyux's Antique Armour Boutique.
 11689 | D:7      | Found Oreorelu's Antique Weapon Shop.
 11831 | D:7      | Found a snail-covered altar of Cheibriados.
 12208 | D:7      | Found Jong's Book Shop.
 12252 | D:7      | Reached XP level 8. HP: 34/34 MP: 15/15
 12378 | D:7      | Noticed a hornet
 12390 | D:7      | Killed a hornet
 12958 | D:8      | Found an opulent altar of Gozag.
 13033 | D:8      | Reached skill level 9 in Stealth
 13177 | D:8      | Reached XP level 9. HP: 37/37 MP: 16/16
 13351 | D:8      | Reached skill level 5 in Evocations
 13409 | D:8      | Reached skill level 10 in Stealth
 13661 | D:8      | Found a staircase to the Lair.
 14158 | D:8      | Found a deep blue altar of Sif Muna.
 14421 | Lair:1   | Entered Level 1 of the Lair of Beasts
 14433 | Lair:1   | Noticed a spiny frog
 14440 | Lair:1   | Killed a spiny frog
 14440 | Lair:1   | Reached skill level 11 in Stealth
 14580 | Lair:1   | Gained mutation: You are frail. (-10% HP) [Ru sacrifice]
 14580 | Lair:1   | Reached *** piety under Ru
 14666 | Lair:1   | Noticed a komodo dragon
 14705 | Lair:1   | Killed a komodo dragon
 14949 | Lair:1   | Noticed a komodo dragon
 14981 | Lair:1   | Killed a komodo dragon
 14981 | Lair:1   | Reached skill level 12 in Stealth
 14981 | Lair:1   | Reached XP level 10. HP: 38/38 MP: 17/17
 15099 | Lair:1   | Reached skill level 5 in Fighting
 15100 | Lair:1   | Noticed Grum
 15247 | Lair:1   | Killed Grum
 15368 | Lair:1   | Noticed Gastronok
 15835 | Lair:1   | Noticed an eight-headed hydra
 15893 | Lair:1   | HP: 1/41 [eight-headed hydra (9)]
 15904 | Lair:1   | Slain by an eight-headed hydra
 15905 | Lair:1   | Reached XP level 9. HP: -4/37 MP: 25/25
 15907 | Lair:1   | Noticed a spiny frog
 15917 | Lair:1   | Killed a spiny frog
 16026 | Lair:2   | Noticed Philosophy's ghost (journeyman HOFi)
 16029 | Lair:2   | Noticed a six-headed hydra
 16085 | Lair:2   | Noticed a jumping spider
 16092 | Lair:2   | Found a hole to the Spider Nest.
 16110 | Lair:2   | Noticed a black mamba
 16113 | Lair:2   | Noticed a komodo dragon
 16457 | Lair:2   | Reached XP level 10. HP: 9/42 MP: 14/17
 16892 | Lair:2   | Killed a black mamba
 17134 | Lair:2   | Reached skill level 10 in Dodging
 17174 | Lair:2   | Noticed a four-headed hydra
 17175 | Lair:2   | Found a staircase to the Swamp.
 17286 | Lair:2   | Killed a four-headed hydra
 17286 | Lair:2   | Reached skill level 13 in Stealth
 17384 | Swamp:1  | Entered Level 1 of the Swamp
 17390 | Swamp:1  | Noticed a six-headed hydra
 17392 | Swamp:1  | Noticed Frances
 17480 | Swamp:1  | Noticed a five-headed hydra
 17488 | Swamp:2  | Noticed an eight-headed hydra
 17505 | Swamp:2  | Killed an eight-headed hydra
 17516 | Swamp:2  | Noticed a spriggan druid
 17527 | Swamp:2  | Killed from afar by a spriggan druid
 17528 | Swamp:2  | Reached XP level 9. HP: 0/38 MP: 1/25
 17560 | Swamp:2  | Reached XP level 10. HP: 42/42 MP: 17/17
 17575 | Swamp:3  | Noticed a ghost crab
 17590 | Swamp:3  | Noticed a spriggan rider
 17594 | Swamp:3  | Noticed a spriggan druid
 17609 | Swamp:3  | Killed from afar by a spriggan druid

Skill      XL: |  1  2  3  4  5  6  7  8  9 10 |
---------------+-------------------------------+-----
Unarmed Combat | 2 3 4 5 7 8 |  8.2
Fighting       | 1 2 3 7 6 |  7.0
Stealth        | 6 7 8 9 12 13 | 13.6
Hexes          | 5 8 |  8.0
Spellcasting   | 3 4 |  4.0
Dodging        | 8 9 11 | 11.8
Evocations     | 3 4 5 |  5.1

Action                   |  1- 3 |  4- 6 |  7- 9 | 10-12 || total
-------------------------+-------+-------+-------+-------++-------
Melee: Unarmed           |   136 |   175 |   455 |    93 ||   859
       Bite              |     6 |    10 |    51 |     7 ||    74
       Punch             |       |     4 |     9 |     2 ||    15
 Cast: Corona            |    34 |    25 |    55 |     7 ||   121
       Confuse           |     3 |    23 |   103 |    28 ||   157
       Ensorcelled Hiber |     1 |    25 |    47 |    20 ||    93
Invok: Sacrifice Arcana  |       |     1 |       |       ||     1
       Sacrifice Experie |       |       |     1 |       ||     1
       Sacrifice Health  |       |       |     1 |       ||     1
Evoke: Wand              |       |     3 |     6 |    29 ||    38
  Use: Scroll            |     2 |     8 |     8 |     6 ||    24
       Potion            |       |     3 |     1 |     4 ||     8
 Stab: Sleeping          |     9 |    23 |    41 |    16 ||    89
       Distracted        |     1 |       |     6 |     3 ||    10
       Confused          |       |     6 |    43 |    13 ||    62
  Eat: Chunk             |    12 |     9 |    34 |     8 ||    63
       Meat ration       |       |     1 |       |       ||     1
Armor: Skin              |     9 |     7 |     3 |     4 ||    23
Dodge: Dodged            |   112 |   127 |   318 |    99 ||   656
